 Dungeon Crawl Stone Soup version 0.22-a0-305-gd21a89c538 (webtiles) character file.

1366 Oravi the Insei (level 8, -2/57 HPs)
             Began as a Merfolk Transmuter on Apr 1, 2018.
             Was a Believer of Qazlal.
             Killed by divine providence
             ... invoked by an orc priest
              (15 damage)
             ... on level 6 of the Dungeon.
             The game lasted 00:27:00 (5462 turns).

Oravi the Insei (Merfolk Transmuter)                Turns: 5462, Time: 00:27:01

Health: -2/57      AC:  2    Str: 13    XL:     8   Next: 65%
Magic:  10/13      EV: 25    Int: 12    God:    Qazlal [**....]
Gold:   326        SH:  3    Dex: 25    Spells: 4/14 levels left

rFire    . . .     SeeInvis .     - Unarmed
rCold    . . .     Gourm    .   (shield currently unavailable)
rNeg     . . .     Faith    .   (armour currently unavailable)
rPois    x         Spirit   .   (helmet currently unavailable)
rElec    .         Reflect  .   (cloak currently unavailable)
rCorr    .         Harm     .   (gloves currently unavailable)
MR       .....                  (boots currently unavailable)
Stlth    +.........             (no amulet)
HPRegen  0.19/turn              r - +6 ring of dexterity
MPRegen  0.13/turn              q - +3 ring of slaying

@: lethally poisoned (-2 -> -22), spider-form, very slow
A: tiny, (change form in water), (swift swim), (stealthy swim)
a: End Transformation, Upheaval, Renounce Religion


You were on level 6 of the Dungeon.
You worshipped Qazlal.
Qazlal was pleased with you.
You were hungry.
You were a venomous arachnid creature.
You visited 2 branches of the dungeon, and saw 7 of its levels.
You also visited: Sewer.

You collected 326 gold pieces.

Inventory:

Hand Weapons
 s - a +0 halberd
 t - a +1 spear (melded)
Missiles
 a - 80 arrows
Armour
 b - a +0 robe (melded)
 w - a +0 cloak (melded)
Jewellery
 j - an uncursed ring of protection from cold
 q - a +3 ring of slaying (right front leg)
 r - a +6 ring of dexterity (left front leg)
Wands
 u - a wand of iceblast (6)
Scrolls
 c - a scroll of blinking
 l - 3 scrolls of identify
 m - a scroll of immolation
Potions
 e - 3 potions of cancellation
 f - 2 potions of heal wounds
 g - 2 potions of curing {unknown}
 i - a potion of agility {unknown}
 p - a potion of degeneration {unknown}
Comestibles
 d - 12 rations
 v - 11 chunks of flesh


   Skills:
 + Level 2.4 Fighting
 - Level 1.5 Polearms
 + Level 4.9 Dodging
 - Level 1.2 Stealth
 + Level 7.3 Unarmed Combat
 + Level 3.7 Spellcasting
 * Level 6.6 Transmutations
 * Level 0.3 Ice Magic
 * Level 4.1 Poison Magic


You had 4 spell levels left.
You knew the following spells:

 Your Spells              Type           Power        Failure   Level  Hunger
a - Beastly Appendage     Tmut           ###...       7%          1    #......
b - Sticks to Snakes      Tmut           ###.....     9%          2    ##.....
c - Spider Form           Tmut/Pois      ###.......   21%         3    ###....
d - Ice Form              Ice/Tmut       ##......     69%         4    #####..


Dungeon Overview and Level Annotations

Branches:
Dungeon (6/15)             Temple (1/1) D:4

Altars:
Ashenzari
Cheibriados
Dithmenos
Elyvilon
Fedhas
Gozag
Hepliaklqana
Kikubaaqudgha
Makhleb
Nemelex Xobeh
Okawaru
Qazlal
Ru
Sif Muna
Trog
Uskayaw
Vehumet
Wu Jian
Xom
Yredelemnul
Zin
The Shining One


Message History

An orc priest comes into view. It is wielding a whip.
You bite the water moccasin!
The water moccasin is poisoned.
The water moccasin is heavily wounded.
You block the water moccasin's attack.
The orc priest mumbles some strange prayers to Beogh against you.
Beogh smites you! The orc hits you with a dagger. The water moccasin bites you.
You barely miss the water moccasin.
The water moccasin is heavily wounded.
The orc priest mumbles some strange prayers to Beogh against you.
Pain shoots through your body! The orc completely misses you.
The water moccasin is engulfed in freezing vapours.
The water moccasin seems to slow down.
The water moccasin bites you!
* * * LOW HITPOINT WARNING * * *
You are lethally poisoned!
The water moccasin poisons you!
* * * LOW HITPOINT WARNING * * *
You feel very sick.
The orc priest calls down the wrath of Beogh upon you.
Beogh smites you!
You die...

##### #....
#.....
#.....
....o######
#oSo≈≈.#
##)≈≈≈≈#
#.s≈≈≈#
#..≈≈≈#
#.....#
####..#
#.## #.#
#.# ..#
####


You could see a water moccasin, 2 orc priests and an orc.

Vanquished Creatures
  Grinder (D:4)
  Eustachio (D:4)
  A sky beast (D:5)
  A necrophage (D:5)
  An ice beast (D:5)
  A phantom (D:6)
  An ogre (D:5)
  A howler monkey (D:4)
  Crazy Yiuf (D:5)
  2 hounds (D:4)
  An orc priest (D:4)
  2 orc wizards (D:4)
  Natasha (twice) (D:4)
  2 worker ants (D:4)
  5 adders
  7 gnolls (D:5)
  8 oozes
  3 worms
  5 dart slugs
  12 leopard geckos
  5 orcs
  16 ball pythons
  7 bats
  14 giant cockroaches
  6 goblins
  7 hobgoblins
  4 jackals (D:4)
  2 quokkas
  11 frilled lizards
  8 kobolds
  A quokka skeleton (D:4)
  A quokka zombie (D:5)
  9 rats
149 creatures vanquished.

Notes
Turn   | Place    | Note
-------+----------+-------------------------------------------
     0 | D:1      | Oravi the Merfolk Transmuter began the quest for the Orb.
     0 | D:1      | Reached XP level 1. HP: 15/15 MP: 3/3
   145 | D:1      | Reached XP level 2. HP: 15/21 MP: 3/5
   149 | D:1      | Learned a level 2 spell: Sticks to Snakes
   622 | D:1      | Reached XP level 3. HP: 21/26 MP: 4/6
   734 | D:1      | Reached skill level 4 in Unarmed Combat
   739 | D:1      | Learned a level 3 spell: Spider Form
  1942 | D:3      | Reached XP level 4. HP: 31/32 MP: 5/7
  1998 | D:3      | Found a bloodstained altar of Trog.
  2133 | D:3      | Found a deep blue altar of Sif Muna.
  2275 | D:3      | Found a shimmering altar of Xom.
  2280 | D:3      | Found an opulent altar of Gozag.
  2283 | D:3      | Found an ancient bone altar of Kikubaaqudgha.
  2285 | D:3      | Found a hide-covered altar of Uskayaw.
  2285 | D:3      | Found a shadowy altar of Dithmenos.
  2285 | D:3      | Found a stormy altar of Qazlal.
  2285 | D:3      | Found a glowing silver altar of Zin.
  2286 | D:3      | Found a sparkling altar of Nemelex Xobeh.
  2287 | D:3      | Found a sacrificial altar of Ru.
  2288 | D:3      | Found a blossoming altar of Fedhas.
  2289 | D:3      | Found a basalt altar of Yredelemnul.
  2290 | D:3      | Found a snail-covered altar of Cheibriados.
  2326 | D:3      | Became a worshipper of Qazlal Stormbringer
  2639 | D:4      | Noticed Eustachio
  2649 | D:4      | Noticed Grinder
  2651 | D:4      | Killed Eustachio
  2651 | D:4      | Reached skill level 5 in Unarmed Combat
  2651 | D:4      | Reached skill level 1 in Poison Magic
  2651 | D:4      | Reached XP level 5. HP: 11/37 MP: 5/9
  2651 | D:4      | Reached XP level 6. HP: 13/43 MP: 5/10
  2654 | D:4      | HP: 1/43 [hound (3)]
  2657 | D:4      | Reached skill level 1 in Stealth
  2692 | D:4      | Killed Grinder
  2692 | D:4      | Reached skill level 5 in Transmutations
  2692 | D:4      | Reached XP level 7. HP: 25/48 MP: 2/11
  2850 | D:4      | Found a staircase to the Ecumenical Temple.
  2856 | Temple   | Entered the Ecumenical Temple
  3411 | D:4      | Noticed Natasha
  3418 | D:4      | Killed Natasha
  3576 | D:4      | Noticed Natasha
  3581 | D:4      | Killed Natasha
  3667 | D:4      | Reached skill level 6 in Unarmed Combat
  3674 | D:4      | Reached * piety under Qazlal
  3795 | D:5      | Entered Level 5 of the Dungeon
  3996 | D:5      | Found a blossoming altar of Fedhas.
  4022 | D:5      | Reached XP level 8. HP: 56/56 MP: 9/13
  4274 | D:5      | Reached skill level 1 in Polearms
  4342 | D:5      | Reached skill level 7 in Unarmed Combat
  4362 | D:5      | Learned a level 4 spell: Ice Form
  4732 | D:5      | Found a runed door.
  4877 | D:5      | Noticed Crazy Yiuf
  4884 | D:5      | Killed Crazy Yiuf
  4946 | D:6      | Found a glowing drain.
  4967 | Sewer    | Entered a sewer
  5122 | Sewer    | Reached ** piety under Qazlal
  5462 | D:6      | Killed from afar by an orc priest

Vault maps used:
D:1:      dpeg_arrival_water_fire, serial_bayou_pond_e, minmay_ruptured
D:3:      minmay_wonky_spiral, minitemple, first_ration, lemuel_blue_sif_altar
D:4:      minmay_temple_entry_enclosed_plants, hangedman_decor_opposing,
          hangedman_minor_gate_pass, uniq_eustachio, uniq_natasha, uniq_grinder
D:5:      basic_altar, uniq_crazy_yiuf_cottage
D:6:      serial_shops, nicolae_shop_stone, portal_sewer_entry_b,
          minmay_misc_feat_nine_boxes, minmay_bent
Temple:   nicolae_temple_figure_zero
Sewer:    sewer_frog_island_02

Skill      XL: |  1  2  3  4  5  6  7  8 |
---------------+-------------------------+-----
Transmutations | 3 4 5 6 |  6.6
Unarmed Combat | 4 5 6 7 |  7.3
Dodging        | 3 4 |  4.9
Poison Magic   | 1 2 3 4 |  4.1
Stealth        | 1 |  1.2
Spellcasting   | 3 |  3.7
Fighting       | 2 |  2.4
Polearms       | 1 |  1.5
Ice Magic      | |  0.3

Action                   |  1- 3 |  4- 6 |  7- 9 || total
-------------------------+-------+-------+-------++-------
Melee: Unarmed           |   118 |    70 |   178 ||   366
       Headbutt          |    17 |     6 |    18 ||    41
       Punch             |     2 |       |     3 ||     5
       Spear             |       |       |    93 ||    93
       Tailslap          |       |       |     1 ||     1
 Cast: Beastly Appendage |    21 |     7 |    11 ||    39
       Spider Form       |       |     2 |    14 ||    16
       Sticks to Snakes  |       |     2 |       ||     2
       Ice Form          |       |       |     1 ||     1
  Use: Potion            |       |     3 |     1 ||     4
       Scroll            |       |       |     7 ||     7
 Stab: Sleeping          |       |     1 |       ||     1
  Eat: Chunk             |     4 |     2 |    11 ||    17
Armor: Robe              |    26 |    12 |    10 ||    48
       Skin              |       |     1 |     7 ||     8
Dodge: Dodged            |    89 |    45 |   231 ||   365
Block: Other             |       |       |    15 ||    15

Table legend:
 A = Spawn XP
 B = Non-spawn XP
 C = Spawn XP percentage of total XP
 D = Spawn monster count
 E = Non-spawn monster count
 F = Spawn count percentage of total count
 G = Total turns spent on level
                    A         B        C        D         E        F      G
               +---------+---------+-------+---------+---------+-------+---------
         Total |       0 |    1952 |   0.0 |       0 |     149 |   0.0 |  5462
               +---------+---------+-------+---------+---------+-------+---------
           D:1 |       0 |      51 |   0.0 |       0 |      23 |   0.0 |  1213
           D:2 |       0 |      26 |   0.0 |       0 |      15 |   0.0 |   631
           D:3 |       0 |      43 |   0.0 |       0 |      15 |   0.0 |   767
           D:4 |       0 |     889 |   0.0 |       0 |      27 |   0.0 |  1081
           D:5 |       0 |     658 |   0.0 |       0 |      16 |   0.0 |  1105
           D:6 |       0 |     149 |   0.0 |       0 |       8 |   0.0 |    67
         Sewer |       0 |     136 |   0.0 |       0 |      45 |   0.0 |   480
               +---------+---------+-------+---------+---------+-------+---------
